 Dungeon Crawl Stone Soup version 0.14.1-26-g5a19342 (webtiles) character file.

217 Kae the Changer (level 4, -2/35 HPs)
             Began as a Draconian Transmuter on July 24, 2014.
             Slain by a gnoll
             ... wielding a +0,+0 club
              (4 damage)
             ... while paralysed by a potion of paralysis
             ... on Level 3 of the Dungeon.
             The game lasted 00:02:08 (2248 turns).

Kae the Changer (Draconian Transmuter)              Turns: 2248, Time: 00:02:08

HP  -2/35        AC  6     Str 12      XL: 4   Next: 49%
MP   7/7         EV  2     Int 14      God:
Gold 115         SH  0     Dex 12      Spells:  3 memorised,  1 level left

rFire  . . .     SeeInvis .       - Unarmed
rCold  . . .     Clarity  .     (armour unavailable)
rNeg   . . .     Conserve .     (no shield)
rPois  .         rCorr    .     (helmet restricted)
rElec  .         rRot     .     (no cloak)
SustAb . .       Spirit   .     o - +0 pair of gloves
rMut   .         Warding  .     (no boots)
Saprov . . .     Stasis   .     (no amulet)
MR     .....                    (no ring)
                                (no ring)

@: appendage, paralysed, flying, lethally poisoned, not resistant to hostile
enchantments, unstealthy
A: unfitting armour, horns 2, AC +5
a: End Transformation


You were on level 3 of the Dungeon.
You were very hungry.
You had grown temporary horns.
You visited 1 branch of the dungeon, and saw 3 of its levels.

You collected 115 gold pieces.

Inventory:

Missiles
 b - 12 arrows
Armour
 o - a +0 pair of gloves (worn)
Comestibles
 a - 3 bread rations
 p - an apple
 t - a meat ration
Scrolls
 e - a scroll of blinking {unknown}
 f - 3 scrolls of fog {unknown}
 h - 3 scrolls of teleportation {unknown}
 i - 2 scrolls of identify {unknown}
 k - 2 scrolls of enchant weapon I {unknown}
 l - a scroll of enchant weapon II {unknown}
 m - a scroll of noise {unknown}
 r - a scroll of remove curse {unknown}
Jewellery
 c - an uncursed ring of regeneration {unknown}
 g - an uncursed ring of ice {unknown}
 j - an uncursed ring of positive energy {unknown}
Potions
 s - a potion of haste {unknown}
Books
 d - a book of Changes

   Spells                             Type                      Level
   *Beastly Appendage                 Transmutation                1
   *Sticks to Snakes                  Transmutation                2
   *Spider Form                       Transmutation/Poison         3
   Ice Form                           Ice/Transmutation            4
   Blade Hands                        Transmutation                5


   Skills:
 - Level 1.1 Fighting
 - Level 1.7 Dodging
 + Level 3.8 Unarmed Combat
 - Level 2.0 Spellcasting
 * Level 4.1 Transmutations


You had one spell level left.
You knew the following spells:

 Your Spells              Type           Power        Failure   Level  Hunger
a - Beastly Appendage     Trmt           ##....       4%          1    ##.....
b - Sticks to Snakes      Trmt           ##........   10%         2    ###....
c - Spider Form           Trmt/Pois      #.........   30%         3    ####...


Dungeon Overview and Level Annotations

Branches:
Dungeon (3/15)

Altars:
Ashenzari
Kikubaaqudgha
Vehumet


Innate Abilities, Weirdness & Mutations

Your plain brown scales are hard (AC +5).*
Your body does not fit into most forms of armour.
Your cold-blooded metabolism reacts poorly to cold.
You have a pair of horns on your head.*


Message History

You kill the giant mite!
A gnoll is nearby!
You feel sick. The gnoll hits you with a club.
* * * LOW HITPOINT WARNING * * *
You closely miss the gnoll. Your headbutt misses the gnoll.
Your tail-slap misses the gnoll.
Your punch misses the gnoll. The gnoll hits you with a club.
* * * LOW HITPOINT WARNING * * *
You hit the gnoll. You headbutt the gnoll.
The gnoll is moderately wounded.
The gnoll barely misses you.
Drink which item? (? for menu, Esc to quit)
You feel very buoyant.
You fly up into the air.
It was a potion of flight.
The gnoll hits you but does no damage.
Drink which item? (? for menu, Esc to quit)
You suddenly lose the ability to move!
It was a potion of paralysis.
You feel sick. The gnoll hits you with a club.
You die...

####...# #..<...#
#......####
#...).....#
##)#.#....# .)
#.#.#....#####
....##.#)#.........
........)#g....#...
........)@.....# .
##...#.#.......#
#.###.#....#### #
..#.(..### ..
#>.....# ...
#......#
...#.#......#
...........#########
....................


You could see a gnoll.

Vanquished Creatures
  6 gnolls
  A giant mite (D:3)
  A giant gecko (D:1)
  4 giant cockroaches
  A goblin (D:2)
  7 hobgoblins
  2 jackals (D:2)
  3 kobolds
  A ball python (D:1)
  5 bats
  3 giant newts (D:1)
  2 rats
36 creatures vanquished.

Notes
Turn   | Place    | Note
--------------------------------------------------------------
     0 | D:1      | Kae, the Draconian Transmuter, began the quest for the Orb.
     0 | D:1      | Reached XP level 1. HP: 16/16 MP: 3/3
   138 | D:1      | Reached XP level 2. HP: 21/23 MP: 4/4
   828 | D:2      | Found a radiant altar of Vehumet.
   835 | D:2      | Found an ancient bone altar of Kikubaaqudgha.
   837 | D:2      | Found a shattered altar of Ashenzari.
  1339 | D:1      | HP: 1/23 [gnoll (3)]
  1344 | D:1      | Reached XP level 3. HP: 4/28 MP: 4/6
  1607 | D:1      | Learned a level 2 spell: Sticks to Snakes
  1611 | D:1      | Learned a level 3 spell: Spider Form
  1950 | D:2      | Reached XP level 4. HP: 15/35 MP: 5/7
  2204 | D:3      | Reached skill level 4 in Transmutations
  2247 | D:3      | Paralysed by a potion of paralysis for 6 turns
  2248 | D:3      | Slain by a gnoll

Action                   |  1- 3 |  4- 6 || total
-------------------------+-------+-------++-------
Melee: Unarmed           |   140 |    25 ||   165
 Cast: Beastly Appendage |     6 |     3 ||     9
  Use: Potion            |     2 |     2 ||     4
